 Dungeon Crawl Stone Soup version 0.17.1-1-g73c8601 (webtiles) character file.

6961 Peloso the Protected (level 10, -5/90 HPs)
             Began as a Minotaur Fighter on Jan 6, 2016.
             Was an Elder of Okawaru.
             Slain by a polar bear simulacrum (11 damage)
             ... in an ice cave.
             The game lasted 00:30:46 (10454 turns).

Peloso the Protected (Minotaur Fighter)            Turns: 10454, Time: 00:30:46

Health: -5/90      AC: 16    Str: 22    XL:     10   Next: 81%
Magic:  0/9        EV: 12    Int:  5    God:    Okawaru [****..]
Gold:   445        SH: 12    Dex: 12    Spells: 0 memorised, 9 levels left

rFire  . . .     SeeInvis .     a - +1 long sword
rCold  . . .     Clarity  .     C - +1 chain mail
rNeg   . . .     SustAt   .     c - +0 shield
rPois  +         Gourm    .     (helmet restricted)
rElec  .         Spirit   +     J - +2 cloak
rCorr  .         Warding  .     (no gloves)
rMut   .         Stasis   .     (no boots)
MR     .....                    s - amulet of guardian spirit
Stlth  ..........               v - +2 ring of evasion
                                b - ring of poison resistance

@: about to teleport, not resistant to hostile enchantments, extremely
unstealthy
A: retaliatory headbutt, horns 2
a: Heroism, Renounce Religion


You were in an ice cave.
You worshipped Okawaru.
Okawaru was greatly pleased with you.
You were near starving.

You visited 3 branches of the dungeon, and saw 11 of its levels.
You also visited: Sewer and Ice Cave.

You collected 535 gold pieces.
You spent 90 gold pieces at shops.

Inventory:

Hand Weapons
 a - a +1 long sword (weapon)
 y - a +1 vampiric falchion
 I - a +0 hand axe of flaming
Armour
 c - a +0 shield (worn)
 C - a +1 chain mail (worn)
 J - a +2 cloak (worn)
Jewellery
 b - a ring of poison resistance (left hand)
 n - an uncursed ring of protection from magic
 s - an amulet of guardian spirit (around neck)
 u - an uncursed amulet of rage
 v - a +2 ring of evasion (right hand)
 D - an uncursed amulet of resist corrosion
 K - an uncursed ring of stealth
Wands
 o - a wand of polymorph (3)
Scrolls
 i - 6 scrolls of teleportation
 j - 6 scrolls of identify
 k - 3 scrolls of magic mapping
 p - a scroll of amnesia
 r - 5 scrolls of remove curse
 t - a scroll of enchant armour
 x - a scroll of recharging
Potions
 d - a potion of might
 g - a potion of curing
 q - a potion of cancellation
 w - 2 potions of agility
 z - 3 potions of magic
 B - 2 potions of poison {unknown}
 L - a potion of ambrosia {unknown}
Comestibles
 e - 12 bread rations
 f - 9 meat rations
 h - 2 slices of pizza
 l - 6 fruits
 E - 2 beef jerkies
 F - 5 royal jellies


   Skills:
 + Level 8.6 Fighting
 + Level 9.4 Long Blades
 + Level 11.3 Armour
 + Level 6.4 Dodging
 + Level 0.5 Stealth
 + Level 9.9 Shields
 + Level 0.6 Invocations


You had 9 spell levels left.
You didn't know any spells.

Dungeon Overview and Level Annotations

Branches:
Dungeon (9/15)             Temple (1/1) D:6            Lair (1/8) D:8
    Orc: D:9-12

Altars:
Ashenzari
Cheibriados
Dithmenos
Elyvilon
Fedhas
Gozag
Makhleb
Okawaru
Ru
Trog
Xom
Zin
The Shining One
Jiyva


Innate Abilities, Weirdness & Mutations

You reflexively headbutt those who attack you in melee.
You have a pair of horns on your head.


Message History

Okay, then.
What do you say? t - Shout!
Orders for allies: a - Attack new target. r - Retreat! s - Stop attacking. w - Wait here. f - Follow me.
Anything else - Stay silent.
Okay, then.
Read which item? (? for menu, Esc to quit)
As you read the scroll of fear, it crumbles to dust.
You assume a fearsome visage.
The polar bear simulacrum is unaffected. x2
The death yak simulacrum is unaffected.
You block the death yak simulacrum's attack.
Read which item? (? for menu, Esc to quit)
As you read the scroll of teleportation, it crumbles to dust.
You feel strangely unstable.
You block the polar bear simulacrum's attack. x3
The polar bear simulacrum bites you!
You die...

#...#
##...
#...#
##...##
##.....##
#...∩...#
#.......#
##ZZZ..##
##@..##
#####


You could see a death yak simulacrum and 2 polar bear simulacra.

Vanquished Creatures
  The ghost of murphy the Fruitful, a journeyman CeFi of Fedhas (Lair:1)
  Pikel (D:7)
  A hill giant (D:9)
  Maurice (D:8)
  Joseph (D:8)
  A spiny frog (Lair:1)
  A fire drake (D:8)
  A troll (D:8)
  A basilisk (Lair:1)
  A hippogriff (D:7)
  A water moccasin (D:7)
  An orc warrior (D:7)
  Duvessa (D:6)
  5 ogres
  A slave (D:7)
  2 sky beasts
  An ice beast (D:5)
  3 centaurs
  2 phantoms
  A giant frog (D:7)
  A gnoll sergeant (D:6)
  Dowan (D:6)
  2 big kobolds
  3 jellies (D:8)
  A scorpion (D:4)
  A troll skeleton (D:9)
  6 killer bees (D:8)
  4 spriggan skeletons (D:9)
  2 crimson imps (D:5)
  2 hounds
  5 orc wizards
  A gnoll shaman (D:8)
  A giant frog zombie (D:9)
  2 centaur skeletons
  4 iguanas
  An orc priest (D:9)
  8 worker ants
  A wolf simulacrum (IceCv)
  A hound skeleton (D:8)
  A hound zombie (D:9)
  8 adders
  19 gnolls
  3 river rats
  2 shadow imps
  3 oozes (Sewer)
  An adder skeleton (D:7)
  5 worms
  27 orcs
  10 bats
  8 giant cockroaches
  10 goblins
  5 hobgoblins
  13 jackals
  2 quokkas
  7 ball pythons
  5 giant geckos
  A giant gecko zombie (D:6)
  2 giant newts
  13 kobolds
  A quokka zombie (D:7)
  12 rats
233 creatures vanquished.

Vanquished Creatures (others)
  A wizard (D:4)
  A quasit (D:7)
  An iguana (D:9)
  A worker ant (D:7)
4 creatures vanquished.

Grand Total: 237 creatures vanquished

Notes
Turn   | Place    | Note
--------------------------------------------------------------
     0 | D:1      | Peloso the Minotaur Fighter began the quest for the Orb.
     0 | D:1      | Reached XP level 1. HP: 19/19 MP: 0/0
   167 | D:1      | Reached XP level 2. HP: 13/27 MP: 1/1
   359 | D:1      | Reached skill level 4 in Shields
   588 | D:2      | Reached XP level 3. HP: 18/33 MP: 2/2
   747 | D:2      | Found a white marble altar of Elyvilon.
   759 | D:2      | Reached skill level 1 in Dodging
  1232 | D:3      | Reached XP level 4. HP: 25/40 MP: 1/3
  1441 | D:3      | Found a blossoming altar of Fedhas.
  1521 | D:3      | Reached XP level 5. HP: 18/47 MP: 1/4
  1633 | D:3      | Found a glowing drain.
  1639 | Sewer    | Entered a sewer
  1903 | Sewer    | Reached skill level 5 in Shields
  1983 | Sewer    | Reached XP level 6. HP: 50/55 MP: 5/5
  2274 | D:3      | Found an opulent altar of Gozag.
  2351 | D:3      | Reached skill level 5 in Armour
  2500 | D:4      | Found a snail-covered altar of Cheibriados.
  2791 | D:4      | Reached skill level 5 in Fighting
  2874 | D:4      | Found a shadowy altar of Dithmenos.
  3063 | D:4      | Reached XP level 7. HP: 61/61 MP: 6/6
  3164 | D:4      | Found a burning altar of Makhleb.
  3164 | D:4      | Found a sacrificial altar of Ru.
  3225 | D:4      | Found a bloodstained altar of Trog.
  3239 | D:4      | Noticed a wizard
  3241 | D:4      | Killed a wizard
  3317 | D:5      | Entered Level 5 of the Dungeon
  3562 | D:5      | Reached skill level 5 in Long Blades
  3562 | D:5      | Reached skill level 6 in Armour
  3799 | D:5      | Found a shimmering altar of Xom.
  3815 | D:5      | Reached skill level 7 in Armour
  3815 | D:5      | Reached XP level 8. HP: 22/69 MP: 0/7
  4217 | D:5      | Found a shattered altar of Ashenzari.
  4660 | D:6      | Noticed Duvessa
  4661 | D:6      | Noticed Dowan
  4669 | D:6      | Killed Duvessa
  4676 | D:6      | Killed Dowan
  4903 | D:6      | Reached skill level 8 in Armour
  5029 | D:6      | Found a staircase to the Ecumenical Temple.
  5035 | Temple   | Entered the Ecumenical Temple
  5039 | Temple   | Became a worshipper of Warmaster Okawaru
  5405 | D:7      | Found a glowing silver altar of Zin.
  5405 | D:7      | Found Zin's Purification Station.
  5497 | D:7      | Bought a potion of curing for 90 gold pieces
  5670 | D:7      | Reached XP level 9. HP: 78/78 MP: 8/8
  5841 | D:7      | Found a bloodstained altar of Trog.
  5877 | D:7      | Noticed Pikel
  5898 | D:7      | Killed Pikel
  5898 | D:7      | Reached * piety under Okawaru
  5898 | D:7      | Reached skill level 9 in Armour
  6418 | D:7      | Found a glowing golden altar of the Shining One.
  6452 | D:8      | Reached skill level 5 in Dodging
  6460 | D:8      | Noticed Maurice
  6908 | D:8      | Found a staircase to the Lair.
  6914 | D:8      | Noticed a fire drake
  6928 | D:8      | HP: 1/79 [fire drake/blast of flame (13)]
  6930 | D:8      | Killed a fire drake
  6930 | D:8      | Reached ** piety under Okawaru
  7317 | D:8      | Noticed Joseph
  7365 | D:8      | Killed Joseph
  7365 | D:8      | Reached XP level 10. HP: 20/86 MP: 4/9
  7812 | D:8      | Reached skill level 10 in Armour
  9069 | D:9      | Reached *** piety under Okawaru
  9779 | D:8      | Killed Maurice
  9821 | D:9      | Noticed a hill giant
  9832 | D:9      | Killed a hill giant
 10128 | Lair:1   | Entered Level 1 of the Lair of Beasts
 10182 | Lair:1   | Noticed murphy's ghost (journeyman CeFi)
 10240 | Lair:1   | Killed murphy's ghost
 10240 | Lair:1   | Reached skill level 11 in Armour
 10308 | Lair:1   | Found a frozen archway.
 10321 | Lair:1   | Reached **** piety under Okawaru
 10438 | IceCv    | Entered an ice cave
 10454 | IceCv    | Slain by a polar bear simulacrum

Action                   |  1- 3 |  4- 6 |  7- 9 | 10-12 || total
-------------------------+-------+-------+-------+-------++-------
Melee: Long sword        |   112 |   160 |   467 |   295 ||  1034
Invok: Heroism           |       |       |       |     2 ||     2
  Use: Scroll            |       |       |    13 |     7 ||    20
       Potion            |       |       |     5 |     1 ||     6
 Stab: Distracted        |       |       |     1 |       ||     1
  Eat: Chunk             |     1 |     6 |    14 |     9 ||    30
       Fruit             |       |       |       |     1 ||     1
